Map: Lerilak Crest

Players

LilDicky - Winner!

  • Race: Terran Terran
  • League: Diamond

SAC

  • Race: Protoss Protoss
  • League: Gold

VOD

http://www.twitch.tv/tumescentpie

Description

Time

  • Played on: Nov. 26, 2015, 10:26 p.m.
  • Length: 5:27
Show
View Real Time Build Order
Export as new Build Order

LilDicky Terran - Winner!

Build Orders:  

Get SALT Encoding   

  12  0:02  SCV  
  13  0:14  SCV  
  13  0:19  Supply Depot  
  14  0:26  SCV  
  15  0:28  Refinery  
  15  0:41  SCV  
  16  0:51  Barracks  
  16  0:53  SCV  
  17  1:16  SCV  
  18  1:34  SCV  
  19  1:42  Factory  
  19  1:44  Marine  
  19  1:46  Supply Depot  
  20  1:47  Orbital Command  
  20  2:02  Marine  
  21  2:12  Barracks  
  21  2:15  SCV  
  21  2:16  Barracks  
  21  2:20  Barracks Reactor  
  22  2:28  SCV  
  23  2:31  Refinery  
  23  2:40  SCV  
  24  2:45  Supply Depot  
  24  2:48  Widow Mine  
  26  2:53  SCV  
  27  2:58  Marine x2  
  27  3:00  Barracks Tech Lab  
  27  3:03  Barracks Tech Lab  
  29  3:07  Supply Depot  
  29  3:14  SCV  
  29  3:19  Widow Mine  
  32  3:28  Combat Shields  
  32  3:30  Marine  
  32  3:32  Marine  
  34  3:36  Marine  
  34  3:39  Marine  
  36  3:43  SCV  
  37  4:05  Marauder, Marine x2  
  37  4:06  SCV, Marauder  
  43  4:17  Starport  
  43  4:19  Supply Depot  
  43  4:31  Marauder x2  
  47  4:40  Marine x2  
  47  4:41  SCV  
  50  4:53  SCV  
  50  4:57  Marauder x2  
Show
View Real Time Build Order
Export as new Build Order

SAC Protoss 

Build Orders: Nexus First 

Get SALT Encoding   

  12  0:03  Probe (Chrono Boost)  
  14  0:14  Probe (Chrono Boost)  
  14  0:22  Pylon  
  14  0:25  Probe (Chrono Boost)  
  15  0:40  Probe (Chrono Boost)  
  16  0:51  Probe (Chrono Boost)  
  17  1:01  Probe (Chrono Boost)  
  17  1:03  Nexus  
  18  1:12  Probe (Chrono Boost)  
  19  1:20  Pylon  
  19  1:28  Probe (Chrono Boost)  
  19  1:30  Assimilator  
  20  1:43  Gateway  
  20  1:46  Probe (Chrono Boost)  
  21  1:55  Assimilator  
  21  1:57  Probe (Chrono Boost)  
  22  2:07  Probe (Chrono Boost)  
  23  2:18  Probe (Chrono Boost)  
  23  2:19  Probe (Chrono Boost)  
  25  2:28  Probe (Chrono Boost)  
  25  2:29  Probe (Chrono Boost)  
  27  2:39  Probe (Chrono Boost)  
  27  2:40  Cybernetics Core, Probe (Chrono Boost)  
  27  2:41  Zealot  
  31  2:49  Probe (Chrono Boost)  
  31  2:50  Probe (Chrono Boost)  
  33  2:54  Forge  
  33  2:58  Pylon  
  33  3:00  Probe (Chrono Boost)  
  33  3:01  Probe (Chrono Boost)  
  35  3:11  Probe (Chrono Boost)  
  35  3:12  Probe (Chrono Boost)  
  37  3:19  Robotics Facility  
  34  3:33  Photon Cannon  
  34  3:36  Probe x2 (Chrono Boost)  
  36  3:44  Pylon  
  36  3:53  Mothership Core (Chrono Boost)  
  36  4:08  Probe (Chrono Boost)  
  32  4:11  Probe (Chrono Boost)  
  32  4:12  Photon Cannon  
  32  4:16  Observer (Chrono Boost)  
  34  4:18  Probe  
  34  4:23  Probe  
  36  4:28  Probe  
  36  4:35  Probe  
  35  4:39  Probe  
  35  4:40  Observer (Chrono Boost)  
  37  4:47  Probe  
  37  4:49  Probe  
  37  4:51  Pylon  
  39  4:54  Pylon  
  39  4:59  Probe, Observer (Chrono Boost)  
  41  5:00  Probe  
  42  5:11  Probe  
Tags
 
Add a new tag
Caveats
  • Supply blocks, unpowered buildings, or Contaminate may cause inaccurate times.
  • Supply counts are checked every 10 seconds.